 Dungeon Crawl Stone Soup version 0.29.1-15-g9cfb28693d (webtiles) character file.

Game seed: 5825724775656614420

975 leafyfresh the Covert (level 8, -2/57 HPs)
             Began as an Octopode Delver on Mar 4, 2023.
             Slain by a gnoll
             ... wielding a +0 spear
             ... led by a gnoll sergeant
              (9 damage)
             ... on level 5 of the Dungeon.
             The game lasted 00:04:38 (4078 turns).

leafyfresh the Covert (Octopode Delver)             Turns: 4078, Time: 00:04:38

Health: -2/57      AC:  1    Str: 12    XL:     8   Next: 16%
Magic:  8/8        EV: 15    Int: 14    God:
Gold:   230        SH:  0    Dex: 13    Spells: 7/7 levels left

rFire   . . .      SeeInvis +   p - +1 trident (vorpal)
rCold   . . .      Faith    .   (no shield)
rNeg    . . .      Spirit   .   (helmet restricted)
rPois   .          Reflect  .   (no amulet)
rElec   .          Harm     .   y - ring of see invisible
rCorr   .          Rampage  .   (no ring)
Will    .....                   (no ring)
Stlth   ++++......              (no ring)
HPRegen 0.19/turn               (no ring)
MPRegen 0.11/turn               (no ring)
                                (no ring)
                                (no ring)

@: silenced
A: almost no armour, amphibious, 8 rings, camouflage 1, gelatinous body 1,
(nimble swimmer 1), tentacles
a: no special abilities


You were on level 5 of the Dungeon.
You visited 1 branch of the dungeon, and saw 5 of its levels.

You collected 230 gold pieces.

Inventory:

Hand Weapons
 a - a +0 short sword
 p - a +1 vorpal trident (weapon)
Jewellery
 y - a ring of see invisible (left tentacle)
Wands
 f - a wand of digging (6)
 B - a wand of roots (1)
Scrolls
 b - a scroll of fog
 c - 2 scrolls of magic mapping
 d - 2 scrolls of fear
 g - 2 scrolls of torment
 l - a scroll of vulnerability {unknown}
 m - 2 scrolls of blinking {unknown}
 n - a scroll of amnesia {unknown}
 o - 2 scrolls of identify {unknown}
 t - 2 scrolls of immolation {unknown}
 u - 2 scrolls of teleportation {unknown}
 v - 2 scrolls of butterflies {unknown}
 w - a scroll of acquirement {unknown}
 z - a scroll of noise {unknown}
 A - a scroll of silence
Potions
 e - 2 potions of haste
 h - 4 potions of curing
 i - 3 potions of heal wounds {unknown}
 j - a potion of lignification {unknown}
 k - a potion of cancellation {unknown}
 q - a potion of attraction {unknown}
 r - 2 potions of flight {unknown}
 s - a potion of might {unknown}
 x - 2 potions of mutation {unknown}


   Skills:
 + Level 6.0 Fighting
 - Level 2.0 Short Blades
 + Level 5.5 Dodging
 + Level 10.1 Stealth


You had 7 spell levels left.
You didn't know any spells.
Your spell library contained the following spells:

 Spells                   Type           Power      Damage    Failure   Level
 Gell's Gravitas          Tloc           0%         N/A       65%         3
 Lesser Beckoning         Tloc           0%         N/A       65%         3
 Teleport Other           Tloc           0%         N/A       65%         3
 Alistair's Intoxication  Tmut/Pois      0%         N/A       100%        5
 Borgnjor's Vile Clutch   Necr/Erth      0%         N/A       100%        5
 Eringya's Noxious Bog    Tmut/Pois      0%         N/A       100%        6


Dungeon Overview and Level Annotations

Branches:
Dungeon (5/15)
 Temple: D:4-7

Altars:
Elyvilon
Gozag
Yredelemnul

Annotations:
D:4 Robin


Innate Abilities, Weirdness & Mutations

You cannot wear most types of armour.
You are amphibious.
You can wear up to eight rings at the same time.
Your skin changes colour to match your surroundings (Stealth+).
Your rubbery body absorbs attacks. (AC +1, EV +1)
((You are camouflaged when in or above water. (Stealth+)))
You have tentacles for arms and can constrict up to eight enemies at once.


Message History

The gnoll sergeant is heavily wounded.
The gnoll sergeant hits you but does no damage.
The gnoll hits you but does no damage.
The gnoll hits you from afar with a +0 halberd.
* * * LOW HITPOINT WARNING * * *
The gnoll hits you but does no damage.
Reach: p) +1 trident (vorpal)
Press: ? - help, Dir - move target, f/p - gnoll sergeant
Aim: a gnoll sergeant, wielding a +3 trident of protection, wearing a +0 ring mail and wearing a +0 kite shield (silenced, heavily wounded, about 29% to evade your +1 vorpal trident)
Okay, then.
You hit the gnoll.
The gnoll is almost dead.
The gnoll sergeant hits you but does no damage.
The gnoll hits you but does no damage. x3
The gnoll sergeant hits you but does no damage.
The gnoll hits you but does no damage. x3
You barely miss the gnoll.
The gnoll is almost dead.
The gnoll sergeant completely misses you.
The gnoll hits you but does no damage. x3
You puncture the gnoll!
You kill the gnoll!
The gnoll hits you from afar with a +0 spear.
* * * LOW HITPOINT WARNING * * *
The gnoll hits you but does no damage.
The gnoll sergeant hits you from afar with a +3 trident of protection.
* * * LOW HITPOINT WARNING * * *
Reach: p) +1 trident (vorpal)
Press: ? - help, Dir - move target, f/p - gnoll sergeant
Aim: a gnoll sergeant, wielding a +3 trident of protection, wearing a +0 ring mail and wearing a +0 kite shield (heavily wounded, about 29% to evade your +1 vorpal trident)
Okay, then.
Reach: p) +1 trident (vorpal)
Press: ? - help, Dir - move target, f/p - gnoll sergeant
Aim: a gnoll sergeant, wielding a +3 trident of protection, wearing a +0 ring mail and wearing a +0 kite shield (heavily wounded, about 29% to evade your +1 vorpal trident)
You reach to attack!
You hit the gnoll sergeant but do no damage.
The gnoll sergeant is heavily wounded.
You feel less wooden.
The gnoll hits you from afar with a +0 spear!
You die...

###...#..... ##...... ..#
.........
#..[.##.###.###........
##............##.......#
#..##.........##.......#
#.<# ####............#
..## ####............# #
..####........g.......#.##
..##.#....##..g)@...#.....
..........##....).........
..........##..g.../.......
.....g....##.....#........
...........#....###.......
#............... #....:.
#...###....#.... ....[.
#......##..#.##. ......
#......##.... ...##


You could see a gnoll sergeant and 2 gnolls.

Vanquished Creatures
  Grinder (D:3)
  Sigmund (D:3)
  An ice beast (D:5)
  A black bear (D:4)
  A phantom (D:5)
  2 scorpions
  A howler monkey (D:5)
  An iguana (D:4)
  An orc wizard (D:4)
  2 gnolls (D:5)
  6 adders
  A shadow imp (D:5)
  3 worms
  2 dart slugs
  3 orcs
  6 ball pythons
  4 endoplasms
  2 giant cockroaches (D:3)
  12 goblins
  8 hobgoblins
  4 quokkas
  6 bats
  4 frilled lizards (D:1)
  4 kobolds
  10 rats
87 creatures vanquished.

Vanquished Creatures (others)
  A fungus (D:2)
1 creature vanquished.

Grand Total: 88 creatures vanquished

Notes
Turn   | Place    | Note
-------+----------+-------------------------------------------
     0 | D:5      | leafyfresh the Octopode Delver began the quest for the Orb.
     0 | D:5      | Reached XP level 1. HP: 16/16 MP: 1/1
    11 | D:5      | Noticed a gnoll sergeant
    16 | D:5      | Noticed a howler monkey
   225 | D:4      | Found a basalt altar of Yredelemnul.
   257 | D:4      | Noticed Robin
   258 | D:4      | Noticed an iguana
   271 | D:4      | Reached XP level 2. HP: 19/21 MP: 2/2
   291 | D:4      | Reached skill level 7 in Stealth
   291 | D:4      | Reached XP level 3. HP: 6/26 MP: 3/3
   938 | D:3      | Reached XP level 4. HP: 9/32 MP: 4/4
  1330 | D:3      | Found an opulent altar of Gozag.
  1378 | D:3      | Noticed a scorpion
  1391 | D:3      | Killed a scorpion
  1392 | D:3      | Reached XP level 5. HP: 26/37 MP: 5/5
  1516 | D:3      | Noticed Sigmund
  1527 | D:3      | Killed Sigmund
  1528 | D:3      | Reached skill level 8 in Stealth
  1528 | D:3      | Reached XP level 6. HP: 27/44 MP: 6/6
  1718 | D:3      | Noticed Grinder
  1723 | D:3      | Paralysed by Grinder for 3 turns
  1730 | D:3      | Killed Grinder
  1731 | D:3      | Reached skill level 5 in Fighting
  1731 | D:3      | Reached XP level 7. HP: 50/50 MP: 7/7
  1804 | D:3      | Reached skill level 9 in Stealth
  2122 | D:2      | Found a faded altar of an unknown god.
  3469 | D:4      | Found a white marble altar of Elyvilon.
  3788 | D:4      | Reached skill level 5 in Dodging
  4017 | D:5      | Reached XP level 8. HP: 54/57 MP: 8/8
  4055 | D:5      | Reached skill level 10 in Stealth
  4078 | D:5      | Slain by a gnoll

Illustrated notes

Levels and vault maps discovered:
D:1:      amcnicky_arrival_blooded_trapdoor, layout_basic
D:2:      layout_basic, shapermc_ecumenical_altar_gd
D:3:      layout_basic, marbit_many_paths, minmay_misc_feat_tiny,
          nrook_campfire, minmay_misc_feat_room, uniq_grinder, uniq_sigmund
D:4:      layout_basic, kennysheep_ying_yang, grunt_ministairs_8,
          kennysheep_path_1, uniq_robin
D:5:      layout_cave_pools, mainiacjoe_overflow_chevrons,
          minmay_temple_entry_overgrown

Skill      XL: |  1  2  3  4  5  6  7  8 |
---------------+-------------------------+-----
Stealth        | 7 8 9 10 | 10.1
Fighting       | 4 5 6 |  6.0
Dodging        | 3 4 5 |  5.5
Short Blades   | |  2.0

Action                   |  1- 3 |  4- 6 |  7- 9 || total
-------------------------+-------+-------+-------++-------
Melee: Short sword       |    38 |    38 |     7 ||    83
       Constrict         |     9 |     9 |    14 ||    32
       Tentacles         |     7 |     8 |    13 ||    28
       Trident           |       |       |   126 ||   126
  Use: Scroll            |       |       |     3 ||     3
       Potion            |       |       |     1 ||     1
 Stab: Sleeping          |     2 |     3 |    28 ||    33
       Distracted        |       |     1 |       ||     1
Armor: Skin              |     2 |       |    50 ||    52
Dodge: Dodged            |    19 |    22 |    62 ||   103
